 Dungeon Crawl Stone Soup version 0.25-a0-700-g7f8a7979f0 (webtiles) character file.

Game seed: 18065930683621561377, levelgen mode: deterministic

565972 tilp the Slayer (level 26, -12/155 HPs)
             Began as a Vine Stalker Assassin on Apr 2, 2020.
             Was the Champion of Makhleb.
             Mangled by Tiamat
             ... wielding a +4 bardiche of venom
              (39 damage)
             ... on level 1 of the Realm of Zot.
             The game lasted 03:18:51 (56957 turns).

tilp the Slayer (Vine Stalker Assassin)            Turns: 56957, Time: 03:18:51

Health: -12/155    AC: 36    Str: 28      XL:     26   Next: 80%
Magic:  0/36       EV: 18    Int: 11 (12) God:    Makhleb [******]
Gold:   2546       SH: 22    Dex: 17      Spells: 25/25 levels left

rFire    + + .     SeeInvis .   a - +8 arc blade {discharge, rElec}
rCold    + + .     Gourm    .   K - +1 kite shield {AC+3}
rNeg     . . .     Faith    .   b - +1 gold dragon scales
rPois    +         Spirit   +   V - +2 helmet {Int+3}
rElec    +         Reflect  +   U - +2 cloak {MR+}
rCorr    +         Harm     .   o - +2 pair of gloves "Jull" {rElec rF+ rC+ rCorr}
MR       +++++                  n - +2 pair of boots
Stlth    ..........             X - +6 amulet of reflection
HPRegen  1.15/turn              F - ring "Vurr" {rPois EV+6 Str+5 Int-2 Dex+2}
MPRegen  0.25/turn              s - ring "Roaka" {rElec rPois MR+}

@: about to teleport, lightly drained
A: fangs 3, [clumsy 2], mutation resistance 1, sense surroundings 1,
regeneration 2, [screaming 2], magic shield, antimagic bite, no potion heal 3,
rot immunity
}: 3/15 runes: decaying, serpentine, silver
a: Minor Destruction, Lesser Servant of Makhleb, Major Destruction, Greater
Servant of Makhleb, Renounce Religion


You were on level 1 of the Realm of Zot.
You worshipped Makhleb.
Makhleb was exalted by your worship.
You were hungry.

You visited 10 branches of the dungeon, and saw 46 of its levels.
You visited the Abyss 1 time.
You also visited: Desolation.

You collected 6046 gold pieces.
You spent 3500 gold pieces at shops.

Inventory:

Hand Weapons
 a - the +8 arc blade (weapon) {discharge, rElec}
   (You took it off a tengu reaver on level 2 of the Depths)

   It insulates you from electricity.
Missiles
 e - 8 curare-tipped darts
 f - 49 silver javelins (quivered)
Armour
 b - +1 gold dragon scales (worn)
 d - a +0 tower shield
 n - a +2 pair of boots (worn)
 o - the +2 pair of gloves "Jull" (worn) {rElec rF+ rC+ rCorr}
   (You found it on level 3 of the Elven Halls)

   It protects you from fire.
   It protects you from cold.
   It insulates you from electricity.
   It provides partial protection from all sources of acid and corrosion.
 K - a +1 kite shield of protection (worn)
 U - a +2 cloak of magic resistance (worn)
 V - a +2 helmet of intelligence (worn)
Jewellery
 k - the ring of the Commoners {rF+ rN+ Str+2 Int-2}
   (You found it in the Desolation of Salt)

   [ring of protection from fire]

   It affects your strength (+2).
   It affects your intelligence (-2).
   It protects you from fire.
   It protects you from negative energy.
 s - the ring "Roaka" (right hand) {rElec rPois MR+}
   (You bought it in a shop on level 1 of the Snake Pit)

   [ring of poison resistance]

   It insulates you from electricity.
   It protects you from poison.
   It affects your resistance to hostile enchantments.
 v - the ring of Tayst {rElec rPois Str-4 SInv}
   (You found it in the Desolation of Salt)

   [ring of poison resistance]

   It affects your strength (-4).
   It insulates you from electricity.
   It protects you from poison.
   It lets you see invisible.
 z - an uncursed ring of flight
 F - the ring "Vurr" (left hand) {rPois EV+6 Str+5 Int-2 Dex+2}
   (You found it on level 2 of the Depths)

   [ring of evasion]

   It affects your evasion (+6).
   It affects your strength (+5).
   It affects your intelligence (-2).
   It affects your dexterity (+2).
   It protects you from poison.
 J - the ring of the Marlin {rPois rF+ AC+4 Dex+4}
   (You found it on level 4 of the Depths)

   [ring of protection]

   It affects your AC (+4).
   It affects your dexterity (+4).
   It protects you from fire.
   It protects you from poison.
 S - the ring "Nutow" {Wiz +Inv rF+}
   (You found it on level 5 of the Vaults)

   [ring of wizardry]

   It improves your spell success rate.
   It protects you from fire.
   It lets you turn invisible.
 X - a +6 amulet of reflection (around neck)
Wands
 i - a wand of clouds (12)
 t - a wand of enslavement (16)
 C - a wand of iceblast (30)
 G - a wand of digging (20)
 H - a wand of acid (34)
 O - a wand of scattershot (10)
 Q - a wand of paralysis (24)
Scrolls
 g - 9 scrolls of blinking
 h - 4 scrolls of summoning
 q - 15 scrolls of teleportation
 r - 19 scrolls of remove curse
 w - 9 scrolls of fear
 A - 12 scrolls of magic mapping
 B - 2 scrolls of holy word
 E - 9 scrolls of fog
 M - 7 scrolls of identify
 P - 3 scrolls of silence
Potions
 j - 20 potions of curing
 l - 5 potions of invisibility
 m - 10 potions of might
 u - 5 potions of cancellation
 x - 7 potions of resistance
 D - 3 potions of magic
 I - 5 potions of haste
 L - 5 potions of berserk rage
 R - 14 potions of mutation
 Y - 3 potions of ambrosia
Miscellaneous
 p - a phial of floods
 N - 3 phantom mirrors
 T - a lightning rod (4/4)
 Z - 3 boxes of beasts
Comestibles
 c - 84 rations
 W - a chunk of flesh


   Skills:
 + Level 21.2(20.5) Fighting
 - Level 14.0(13.3) Short Blades
 - Level 16.0(15.3) Throwing
 + Level 12.5(11.9) Armour
 + Level 12.5(11.9) Dodging
 - Level 4.8(4.3) Stealth
 - Level 15.0(14.3) Shields
 + Level 17.2(16.5) Invocations
 + Level 11.8(11.2) Evocations


You had 25 spell levels left.
You didn't know any spells.
Your spell library contained the following spells:

 Spells                   Type           Power        Failure   Level  Hunger
 Animate Skeleton         Necr           N/A          100%        1    ##.....
 Apportation              Tloc           #.....       100%        1    ##.....
 Beastly Appendage        Tmut           #.....       100%        1    ##.....
 Corona                   Hex            #......      100%        1    ##.....
 Foxfire                  Conj/Fire      #...         100%        1    ##.....
 Freeze                   Ice            #...         100%        1    ##.....
 Infusion                 Chrm           #...         100%        1    ##.....
 Magic Dart               Conj           #...         100%        1    ##.....
 Pain                     Necr           #...         100%        1    ##.....
 Sandblast                Erth           #.....       100%        1    ##.....
 Shock                    Conj/Air       #...         100%        1    ##.....
 Sting                    Tmut/Pois      #...         100%        1    ##.....
 Summon Butterflies       Summ           #.......     100%        1    ##.....
 Summon Small Mammal      Summ           #...         100%        1    ##.....
 Corpse Rot               Necr/Air       N/A          100%        2    ###....
 Ensorcelled Hibernation  Hex/Ice        #.....       100%        2    ###....
 Poisonous Vapours        Pois/Air       #.....       100%        2    ###....
 Searing Ray              Conj           #.....       100%        2    ###....
 Shroud of Golubria       Chrm/Tloc      #.....       100%        2    ###....
 Sticks to Snakes         Tmut           #.......     100%        2    ###....
 Sublimation of Blood     Necr           #.........   100%        2    ###....
 Call Canine Familiar     Summ           #.......     100%        3    ####...
 Confusing Touch          Hex            #.......     100%        3    ####...
 Conjure Flame            Conj/Fire      #.......     100%        3    ####...
 Dazzling Flash           Conj/Hex       #.....       100%        3    ####...
 Frozen Ramparts          Ice            #.....       100%        3    ####...
 Ignite Poison            Fire/Tmut/Pois #.......     100%        3    ####...
 Inner Flame              Hex/Fire       #.......     100%        3    ####...
 Lesser Beckoning         Tloc           #.........   100%        3    ####...
 Mephitic Cloud           Conj/Pois/Air  #.......     100%        3    ####...
 Ozocubu's Armour         Chrm/Ice       #.......     100%        3    ####...
 Recall                   Summ/Tloc      N/A          100%        3    ####...
 Spectral Weapon          Hex/Chrm       #.......     100%        3    ####...
 Spider Form              Tmut/Pois      #.........   100%        3    ####...
 Static Discharge         Conj/Air       #.......     100%        3    ####...
 Stone Arrow              Conj/Erth      #.....       100%        3    ####...
 Tukima's Dance           Hex            #.......     100%        3    ####...
 Vampiric Draining        Necr           #.........   100%        3    ####...
 Animate Dead             Necr           N/A          100%        4    #####..
 Dispel Undead            Necr           #.......     100%        4    #####..
 Fulminant Prism          Conj/Hex       #.........   100%        4    #####..
 Hailstorm                Conj/Ice       #.......     100%        4    #####..
 Ice Form                 Ice/Tmut       #.......     100%        4    #####..
 Iskenderun's Mystic Bla  Conj/Tloc      #.......     100%        4    #####..
 Olgreb's Toxic Radiance  Pois           #.......     100%        4    #####..
 Sticky Flame             Conj/Fire      #.......     100%        4    #####..
 Summon Ice Beast         Ice/Summ       #.......     100%        4    #####..
 Summon Lightning Spire   Summ/Air       #.......     100%        4    #####..
 Agony                    Necr           #.......     100%        5    ######.
 Alistair's Intoxication  Tmut/Pois      #.......     100%        5    ######.
 Aura of Abjuration       Summ           #.........   100%        5    ######.
 Blade Hands              Tmut           #.........   100%        5    ######.
 Bolt of Magma            Conj/Fire/Erth #.........   100%        5    ######.
 Excruciating Wounds      Chrm/Necr      #.........   100%        5    ######.
 Fireball                 Conj/Fire      #.........   100%        5    ######.
 Irradiate                Conj/Tmut      #.........   100%        5    ######.
 Metabolic Englaciation   Hex/Ice        #.........   100%        5    ######.
 Silence                  Hex/Air        #.........   100%        5    ######.
 Summon Demon             Summ           #.........   100%        5    ######.
 Summon Forest            Summ/Tloc      #.........   100%        5    ######.
 Summon Mana Viper        Hex/Summ       #.......     100%        5    ######.
 Conjure Ball Lightning   Conj/Air       #.........   100%        6    #######
 Deflect Missiles         Chrm/Air       #.........   100%        6    #######
 Eringya's Noxious Bog    Tmut/Pois      #.........   100%        6    #######
 Freezing Cloud           Conj/Ice/Air   #.........   100%        6    #######
 Hydra Form               Tmut           #.........   100%        6    #######
 Invisibility             Hex            #.......     100%        6    #######
 Iron Shot                Conj/Erth      #.........   100%        6    #######
 Ozocubu's Refrigeration  Ice            #.........   100%        6    #######
 Shadow Creatures         Summ           N/A          100%        6    #######
 Simulacrum               Ice/Necr       #.........   100%        6    #######
 Statue Form              Tmut/Erth      #........    100%        6    #######
 Dragon Form              Tmut           #.........   100%        7    #######
 Haunt                    Necr/Summ      #.........   100%        7    #######
 Malign Gateway           Summ/Tloc      #.........   100%        7    #######
 Ring of Flames           Chrm/Fire      #.........   100%        7    #######
 Spellforged Servitor     Conj/Summ      #.........   100%        7    #######
 Summon Hydra             Summ           #.........   100%        7    #######
 Borgnjor's Revivificati  Necr           #.........   100%        8    #######
 Death's Door             Chrm/Necr      #.........   100%        8    #######
 Infestation              Necr           #.........   100%        8    #######
 Necromutation            Tmut/Necr      #.........   100%        8    #######
 Tornado                  Air            #.........   100%        9    #######


Dungeon Overview and Level Annotations

Branches:
Dungeon (15/15)            Temple (1/1) D:6            Lair (6/6) D:8
  Swamp (4/4) Lair:4        Snake (4/4) Lair:2        Slime (0/5) Lair:5
    Orc (2/2) D:11            Elf (3/3) Orc:2        Vaults (5/5) D:13
  Crypt (0/3) Vaults:2     Depths (5/5) D:15            Zot (1/5) Depths:5
Desolation (visited)

Altars:
Ashenzari
Cheibriados
Dithmenos
Elyvilon
Fedhas
Gozag
Hepliaklqana
Kikubaaqudgha
Makhleb
Nemelex Xobeh
Okawaru
Qazlal
Ru
Sif Muna
Trog
Uskayaw
Vehumet
Wu Jian
Xom
Yredelemnul
Zin
The Shining One
Beogh
Jiyva

Shops:
D:11 [   D:14 :   Orc:2 *(:   Snake:1 !==*=   Depths:2 (

Portals:
Hell: Depths:1 Depths:2 Depths:3 Depths:4 Depths:5
Abyss: Depths:4 Depths:5
Pandemonium: Orc:2 Depths:3
Ziggurat: Depths:4

Annotations:
Elf:2 3 runed translucent doors
Zot:1 Tiamat


Innate Abilities, Weirdness & Mutations

You have razor-sharp teeth.
You heal very quickly.
When hurt, damage is shared between your health and your magic reserves.
Your bite disrupts and absorbs the magic of your enemies.
Potions cannot restore your health.
You are immune to rotting.
You are somewhat resistant to further mutation.
You passively map a small area around you.
[You are very clumsy. (Dex -4)]
[You sometimes yell uncontrollably at your foes.]


Message History

The green draconian annihilator mumbles some strange words.
The green draconian annihilator blinks!
You block the purple draconian knight's attack.
Tiamat completely misses you. You block Tiamat's attack.
Tiamat tail-slaps you but does no damage.
The shadow dragon breathes negative energy at you.
The bolt of negative energy hits the tentacled monstrosity.
The tentacled monstrosity completely resists.
The bolt of negative energy hits you!
You feel drained.
* * * LOW HITPOINT WARNING * * *
You block the green draconian's attack.
The red draconian shifter blinks!
The green draconian annihilator casts a spell.
The green draconian annihilator blinks!
The purple draconian completely misses you.
The red draconian shifter seems to regain its courage.
The red draconian shifter blinks!
The green draconian annihilator gestures wildly while chanting.
The green draconian annihilator blinks!
Tiamat hits you from afar with a +4 bardiche of venom!!!
You die...

##### ########## #..d#
###...##...#######...#
.............q.q@Xd..#####
.............dd..q.qD#§..#
.#######.#######.dd#.§...#
.# #.# #...#.q...# .# #.#
####d○.§#### ## #.#
#....q..# #.# ###§dd....#
#.# #.....k...# *,
#......####


You could see Tiamat, a shadow dragon, a tentacled monstrosity, a purple
draconian knight, 2 draconians, a yellow draconian (fleeing), 2 draconians, a
purple draconian, 2 draconians, a red draconian shifter, a white draconian
stormcaller, a green draconian annihilator (fleeing), a black draconian scorcher
and a wind drake (fleeing).

Vanquished Creatures
  3 juggernauts
  The ghost of Ciovvoaj the Warrior, a veteran GnWz of Ashenzari (Vaults:1)
  Boris (Vaults:5)
  Bai Suzhen (Vaults:5)
  the Lernaean hydra (Swamp:4)
  4 golden dragons
  7 caustic shrikes
  Nikola (Elf:1)
  A bone dragon (Abyss:3)
  3 liches
  Jorgrun (D:13)
  3 tentacled monstrosities
  2 deep elf blademasters (Elf:3)
  5 titans
  A quicksilver dragon (Depths:5)
  A deep elf master archer (Elf:3)
  A thorn hunter (Swamp:4)
  4 shadow dragons
  A death cob (Zot:1)
  A sphinx (Vaults:5)
  Gastronok (Lair:1)
  2 tentacled starspawn (Abyss:3)
  5 storm dragons
  9 tengu reavers
  12 fire giants
  A storm dragon (shapeshifter) (Depths:4)
  Donald (Snake:4)
  7 nagarajas
  7 deep elf sorcerers
  9 frost giants
  3 orc warlords (Vaults:1)
  A draconian knight (Depths:5)
  The ghost of olaf the Protected, a journeyman GnAK of Lugonu (D:15)
  4 imperial myrmidons (Desolation)
  An iron dragon (Vaults:5)
  Aizul (Snake:3)
  A curse skull (Vaults:2)
  A balrug (Abyss:3)
  13 vault wardens
  A cacodemon (Abyss:3)
  A draconian stormcaller (Depths:5)
  The ghost of Ysiryi the Severer, a journeyman DDFi of Makhleb (Swamp:2)
  A caustic shrike zombie (Depths:3)
  A draconian annihilator (Depths:5)
  3 spriggan defenders
  6 deep elf elementalists
  19 stone giants
  14 ironheart preservers
  4 entropy weavers
  5 war gargoyles
  24 very ugly things
  2 entropy weavers (shapeshifter) (Depths:4)
  A vampire knight (Vaults:2)
  The ghost of emiel the Severer, a journeyman MiBe of Trog (Lair:4)
  A green draconian (Depths:5)
  9 deep elf demonologists
  3 red draconians
  7 spark wasps
  2 purple draconians (Depths:5)
  2 white draconians
  A blizzard demon (Depths:4)
  A merfolk impaler (Depths:1)
  16 ettins
  2 merfolk javelineers (Depths:1)
  13 deep elf annihilators
  5 deep elf death magi
  5 ragged hierophants (Desolation)
  12 crystal guardians
  7 fire dragons
  The ghost of WasteTime3 the Brawler, a journeyman TrHu of Hepliaklqana (Lair:1)
  2 green deaths (Snake:1)
  5 deep elf high priests
  7 great orbs of eyes
  6 peacekeepers (Desolation)
  34 vault guards
  17 yaktaur captains
  A great orb of eyes (shapeshifter) (Vaults:5)
  4 rakshasas
  10 ice dragons
  A hell beast (Depths:2)
  7 spriggan air magi
  21 hydras
  7 servants of whispers (Desolation)
  9 naga warriors
  5 centaur warriors
  2 ghost crabs
  11 ogre magi
  2 catoblepae (Lair:6)
  A shambling mangrove (Swamp:1)
  24 dancing weapons
  15 alligators
  2 anacondas (shapeshifter)
  A death knight (Vaults:1)
  6 deep troll earth magi
  17 two-headed ogres
  The ghost of bmj180 the Destroyer, a novice DrCj (D:9)
  8 death yaks
  6 deep troll shamans
  3 anacondas
  7 tengu warriors
  10 naga sharpshooters
  A queen ant (shapeshifter) (D:15)
  6 orc high priests
  3 thrashing horrors (Abyss:3)
  8 small abominations (Vaults:5)
  8 shock serpents
  A sun demon (Orc:2)
  12 deep elf knights
  6 spriggan berserkers
  14 hell knights
  A soul eater (Depths:2)
  A fire crab (shapeshifter) (Elf:2)
  Urug (Lair:2)
  An iron troll (Depths:3)
  7 skeletal warriors (Vaults:1)
  4 flayed ghosts
  6 salamander mystics
  3 shadow wraiths
  2 spriggan druids
  A gelid demonspawn (Orc:2)
  A sea snake (shapeshifter) (Elf:3)
  An unseen horror (shapeshifter) (Vaults:1)
  15 swamp dragons
  An infernal demonspawn (Orc:2)
  An unseen horror (D:13)
  5 large abominations (Abyss:3)
  13 naga ritualists
  A spark wasp zombie (Depths:3)
  4 wizards
  22 deep trolls
  4 obsidian statues (Depths:4)
  A quicksilver dragon simulacrum (Depths:3)
  A deep troll (shapeshifter) (Depths:4)
  14 deep elf archers
  10 glowing orange brains
  A harpy (shapeshifter) (Depths:3)
  A tengu zombie (Vaults:3)
  Pikel (D:7)
  5 necromancers
  4 phantasmal warriors
  21 orc knights
  13 mana vipers
  A mana viper (shapeshifter) (Depths:4)
  69 deep elf magi
  22 ironbrand convokers
  A wolf spider zombie (D:15)
  An orb spider (shapeshifter) (Depths:4)
  8 orc sorcerers
  5 wolf spiders
  3 moths of wrath
  3 cyclopes
  14 salamanders
  41 ugly things
  5 manticores
  A shining eye (shapeshifter) (Vaults:4)
  4 guardian serpents
  5 elephants (Lair:5)
  An iron dragon skeleton (Depths:1)
  26 naga magi
  A frost giant skeleton (Depths:3)
  18 vault sentinels
  2 molten gargoyles (Depths:4)
  32 black mambas
  A water nymph (shapeshifter) (Depths:4)
  5 gargoyles
  25 spiny frogs
  A hellion (Abyss:3)
  14 komodo dragons
  A torpor snail (shapeshifter) (Depths:4)
  A rime drake (Lair:2)
  35 yaktaurs
  4 kobold demonologists
  An elf skeleton (Depths:3)
  2 ice devils
  5 freezing wraiths
  3 meliai (D:15)
  An ancient zyme (Abyss:3)
  10 tyrant leeches
  A red devil (Orc:2)
  11 hornets
  A queen bee (D:15)
  A troll (shapeshifter) (Vaults:4)
  A jumping spider (Vaults:5)
  A merfolk (D:10)
  Prince Ribbit (D:5)
  61 saltlings
  Grinder (D:5)
  3 trolls
  A wind drake (Depths:4)
  3 raiju
  20 slime creatures
  7 hippogriffs
  15 dream sheep
  18 blink frogs
  9 bog bodies
  A raiju (shapeshifter) (D:14)
  A snapping turtle (shapeshifter) (Vaults:1)
  A dream sheep (shapeshifter) (Vaults:5)
  7 shadows
  Sigmund (D:2)
  9 air elementals
  7 spriggans
  2 redbacks (shapeshifter) (Vaults:5)
  A spriggan (shapeshifter) (Depths:5)
  5 water elementals
  A flying skull (Vaults:2)
  2 redbacks (Vaults:5)
  2 fire dragon skeletons
  6 wyverns
  A vampire (Swamp:2)
  A tarantella (Vaults:5)
  38 yaks
  A human (shapeshifter) (Vaults:4)
  An ettin skeleton (Vaults:3)
  8 fire elementals
  A hungry ghost (D:15)
  2 wraiths
  4 basilisks
  Eustachio (D:6)
  A steam dragon (D:10)
  A hog (shapeshifter) (Vaults:3)
  A steam dragon (shapeshifter) (Vaults:5)
  11 vampire mosquitoes
  A chaos spawn (Orc:2)
  A naga (shapeshifter) (Depths:4)
  4 wargs
  2 acid dragons
  A soldier ant (D:12)
  9 insubstantial wisps
  20 swamp worms
  34 nagas
  3 soldier ants (shapeshifter)
  3 water moccasins
  2 floating eyes (Depths:3)
  2 hell hounds
  A meliai simulacrum (D:15)
  10 swamp drakes
  36 orc warriors
  7 porcupines
  An ice dragon simulacrum (Depths:1)
  A deep troll skeleton (Vaults:3)
  4 ice beasts
  4 sky beasts
  2 black bears (D:9)
  2 necrophages
  12 centaurs
  2 eyes of draining
  24 ogres
  2 phantoms
  A boggart (Vaults:2)
  A tengu (shapeshifter) (Vaults:1)
  3 wolves (Lair:4)
  8 crocodiles
  4 big kobolds
  10 bullfrogs
  9 earth elementals
  An ogre simulacrum (Vaults:1)
  7 scorpions
  A wyvern skeleton (D:14)
  20 killer bees
  A human simulacrum (Vaults:2)
  4 wights (D:7)
  3 electric eels
  A bullfrog zombie (D:12)
  A howler monkey (D:4)
  10 crimson imps
  9 starcursed masses (Abyss:3)
  10 hounds
  2 quasits
  3 centaur zombies
  2 jellies
  A gnoll shaman (D:7)
  38 orc priests
  2 bullfrog skeletons
  5 centaur skeletons
  Jessica (D:2)
  Natasha (D:2)
  3 iguanas
  12 worker ants
  26 orc wizards
  A hound zombie (D:8)
  2 hound skeletons
  4 gnolls
  10 adders
  A shadow imp (D:7)
  2 white imps (Abyss:3)
  2 ufetubi (Abyss:3)
  2 worms
  2 ball lightnings (Depths:4)
  A dart slug (D:1)
  4 leopard geckos
  109 orcs
  9 giant cockroaches
  2 goblins
  6 hobgoblins
  7 jackals
  13 kobolds
  2 ball pythons
  A ball python skeleton (D:5)
  10 bats
  4 frilled lizards
  A goblin skeleton (D:9)
  A hobgoblin zombie (D:9)
  A kobold skeleton (D:9)
  4 kobold zombies (D:9)
  3 orc zombies (D:9)
  2 quokka zombies
  4 rats
  2 briar patches (Swamp:4)
  3 crawling corpses (Vaults:5)
  A starspawn tentacle (Abyss:3)
2023 creatures vanquished.

Vanquished Creatures (collateral kills)
  Mara (Snake:4)
  A cacodemon (Abyss:3)
  2 hydras
  Erolcha (D:13)
  A catoblepas (Lair:6)
  A death yak (Lair:6)
  A two-headed ogre (Vaults:1)
  A deep elf knight (Elf:1)
  2 orc high priests (Orc:2)
  A soul eater (Orc:2)
  2 naga ritualists (Snake:1)
  A deep elf archer (Elf:1)
  A mana viper (Snake:3)
  3 naga magi
  3 elephants (Lair:5)
  A spiny frog (Swamp:1)
  A troll (Orc:2)
  2 blink frogs (Lair:6)
  A dream sheep (Lair:4)
  2 yaks (Lair:6)
  A basilisk (Lair:3)
  A warg (Vaults:2)
  2 nagas
  11 orc warriors
  2 orc priests
  4 orc wizards
  4 orcs
54 creatures vanquished.

Vanquished Creatures (others)
  A deep elf master archer (Elf:3)
  A nagaraja (Snake:4)
  A war gargoyle (Depths:4)
  A very ugly thing (Depths:4)
  A stone giant (Depths:2)
  3 yaktaur captains
  A naga sharpshooter (Snake:4)
  A spriggan druid (Swamp:4)
  3 deep elf archers
  A wolf spider (Vaults:2)
  2 deep elf magi
  A cyclops (Vaults:1)
  A molten gargoyle (Desolation)
  A vault sentinel (Vaults:5)
  9 yaktaurs
  A raiju (Depths:4)
  A hornet (Swamp:4)
  2 spriggans (Swamp:4)
  3 water elementals (Depths:4)
  A basilisk (shapeshifter) (Depths:4)
  2 insubstantial wisps (Depths:4)
  An orc warrior (Vaults:5)
  An ogre (Vaults:3)
  A bullfrog (D:7)
  A worker ant (D:7)
  2 adders
  9 ball lightnings (Depths:4)
  2 orcs
  A kobold (D:10)
  11 fungi
  8 plants
  7 starspawn tentacles (Abyss:3)
82 creatures vanquished.

Grand Total: 2159 creatures vanquished

Notes
Turn   | Place    | Note
-------+----------+-------------------------------------------
     0 | D:1      | tilp the Vine Stalker Assassin began the quest for the Orb.
     0 | D:1      | Reached XP level 1. HP: 11/11 MP: 2/2
   150 | D:1      | Reached skill level 2 in Fighting
   336 | D:1      | Reached XP level 2. HP: 6/15 MP: 3/3
  1168 | D:1      | Reached XP level 3. HP: 17/19 MP: 4/4
  1243 | D:2      | Noticed Sigmund
  1250 | D:2      | Noticed Jessica
  1257 | D:2      | Killed Jessica
  1517 | D:2      | Gained mutation: Your natural rate of healing is unusually
                  | fast. [Vine Stalker growth]
  1517 | D:2      | Reached XP level 4. HP: 20/23 MP: 5/5
  1521 | D:2      | Reached skill level 3 in Fighting
  2054 | D:2      | Noticed Natasha
  2058 | D:2      | Killed Natasha
  2216 | D:3      | Reached XP level 5. HP: 28/28 MP: 6/6
  2233 | D:3      | Found a bloodstained altar of Trog.
  2934 | D:4      | Reached skill level 4 in Fighting
  2934 | D:4      | Reached XP level 6. HP: 28/33 MP: 7/7
  3012 | D:4      | Noticed an orc warrior
  3067 | D:4      | Killed an orc warrior
  3067 | D:4      | Reached skill level 5 in Short Blades
  3186 | D:4      | Noticed a phantom
  3230 | D:4      | Killed a phantom
  3230 | D:4      | Reached XP level 7. HP: 28/37 MP: 6/8
  3260 | D:4      | Found an iron altar of Okawaru.
  3261 | D:4      | Found a bloodstained altar of Trog.
  3802 | D:5      | Entered Level 5 of the Dungeon
  3885 | D:5      | Noticed Prince Ribbit
  3912 | D:5      | Reached skill level 1 in Shields
  3944 | D:5      | Noticed Grinder
  3955 | D:5      | Killed Grinder
  3955 | D:5      | Gained mutation: You have razor-sharp teeth. [Vine Stalker
                  | growth]
  3955 | D:5      | Reached XP level 8. HP: 27/42 MP: 6/9
  4466 | D:5      | Found a stormy altar of Qazlal.
  4466 | D:5      | Found a blossoming altar of Fedhas.
  4471 | D:5      | Found an ornate altar of the Wu Jian Council.
  4473 | D:5      | Found a faded altar of an unknown god.
  4475 | D:5      | Found a radiant altar of Vehumet.
  4708 | D:6      | Found a staircase to the Ecumenical Temple.
  4737 | D:6      | Got a fine bone ring
  4762 | D:6      | Noticed Eustachio
  4774 | D:6      | Killed Eustachio
  4780 | Temple   | Entered the Ecumenical Temple
  5056 | D:6      | Found a basalt altar of Yredelemnul.
  5113 | D:6      | Reached XP level 9. HP: 45/45 MP: 10/10
  6016 | D:7      | Identified the ring "Pasoerph" {MR+ Str+2} (You found it on
                  | level 6 of the Dungeon)
  6147 | D:7      | Noticed Pikel
  6165 | D:7      | Killed Pikel
  6165 | D:7      | Reached skill level 10 in Short Blades
  6759 | D:7      | Found a burning altar of Makhleb.
  6760 | D:7      | Found a shimmering altar of Xom.
  6768 | D:7      | Became a worshipper of Makhleb the Destroyer
  6804 | D:7      | Reached XP level 10. HP: 49/49 MP: 11/11
  6991 | D:8      | Found a staircase to the Lair.
  7440 | D:8      | Reached * piety under Makhleb
  7903 | D:9      | Found a glowing golden altar of the Shining One.
  8193 | D:9      | Found a runed translucent door.
  8348 | D:9      | Found a shadowy altar of Dithmenos.
  8416 | D:9      | Noticed bmj180's ghost (novice DrCj)
  8432 | D:9      | Found an opulent altar of Gozag.
  8432 | D:9      | Found a shimmering blue altar of Sif Muna.
  8439 | D:9      | Found a hide-covered altar of Uskayaw.
  8576 | D:10     | Entered Level 10 of the Dungeon
  8625 | D:10     | Reached ** piety under Makhleb
  8820 | D:10     | Noticed a deep elf mage
  8848 | D:10     | Killed a deep elf mage
  8848 | D:10     | Reached XP level 11. HP: 27/53 MP: 12/12
  9516 | D:11     | Reached skill level 1 in Invocations
  9521 | D:11     | Reached skill level 1 in Evocations
  9609 | D:11     | Noticed a two-headed ogre
  9620 | D:11     | Killed a two-headed ogre
  9811 | D:11     | Noticed a two-headed ogre
  9818 | D:11     | Killed a two-headed ogre
  9886 | D:11     | Found Neklous's Antique Armour Shoppe.
  9889 | D:11     | Bought an embroidered cloak for 247 gold pieces
  9889 | D:11     | Bought a shiny helmet for 247 gold pieces
  9968 | D:11     | Noticed a two-headed ogre
  9973 | D:11     | Killed a two-headed ogre
 10161 | D:11     | Reached *** piety under Makhleb
 10345 | D:11     | Found a staircase to the Orcish Mines.
 10710 | D:2      | Killed Sigmund
 10890 | D:5      | Killed Prince Ribbit
 10890 | D:5      | Reached skill level 5 in Invocations
 11112 | Orc:1    | Entered Level 1 of the Orcish Mines
 11490 | Lair:1   | Entered Level 1 of the Lair of Beasts
 11552 | Lair:1   | Noticed Gastronok
 11706 | Lair:1   | Killed Gastronok
 11706 | Lair:1   | Reached skill level 6 in Fighting
 11706 | Lair:1   | Gained mutation: You heal very quickly. [Vine Stalker
                  | growth]
 11706 | Lair:1   | Reached XP level 12. HP: 61/61 MP: 17/17
 11769 | Lair:1   | Found a transporter.
 11792 | Lair:1   | Noticed WasteTime3's ghost (journeyman TrHu)
 11805 | Lair:1   | Found a transporter.
 12119 | Lair:2   | Noticed Urug
 12137 | Lair:2   | Killed Urug
 12137 | Lair:2   | Reached skill level 7 in Fighting
 12532 | Lair:2   | Reached skill level 8 in Fighting
 12621 | Lair:2   | Found a staircase to the Snake Pit.
 13224 | Lair:3   | Reached skill level 1 in Dodging
 13300 | Lair:3   | Reached skill level 1 in Armour
 13481 | Lair:3   | Reached **** piety under Makhleb
 13570 | Lair:3   | Reached XP level 13. HP: 69/69 MP: 18/20
 14211 | Lair:4   | Noticed emiel's ghost (journeyman MiBe)
 14219 | Lair:4   | Found a runed translucent gate.
 14219 | Lair:4   | Found a runed translucent gate.
 14221 | Lair:4   | Found a runed translucent gate.
 14268 | Lair:4   | Reached skill level 9 in Fighting
 14487 | Lair:4   | Found a staircase to the Swamp.
 15116 | Lair:5   | Reached skill level 10 in Fighting
 15137 | Lair:5   | Got an iridescent halberd
 15284 | Lair:5   | Found a viscous altar of Jiyva.
 15403 | Lair:5   | Found a staircase to the Slime Pits.
 15585 | Lair:5   | Reached skill level 11 in Fighting
 15799 | Lair:6   | Entered Level 6 of the Lair of Beasts
 16108 | Lair:6   | Reached skill level 12 in Fighting
 16134 | Lair:6   | Reached XP level 14. HP: 80/80 MP: 19/21
 16413 | Lair:6   | Reached ***** piety under Makhleb
 17057 | Lair:6   | Reached skill level 5 in Shields
 17075 | Lair:6   | Reached skill level 5 in Dodging
 17088 | Lair:6   | Reached skill level 5 in Armour
 17553 | D:9      | Killed bmj180's ghost
 17678 | Orc:2    | Entered Level 2 of the Orcish Mines
 18152 | Orc:2    | Found a staircase to the Elven Halls.
 18916 | Orc:2    | Found Goggyg's Magic Scroll Emporium.
 18935 | Orc:2    | Found Ebloc's General Store.
 19020 | Orc:2    | Bought a scroll of noise for 15 gold pieces
 19020 | Orc:2    | Bought a scroll of enchant weapon for 112 gold pieces
 19020 | Orc:2    | Bought a scroll of identify for 30 gold pieces
 19020 | Orc:2    | Bought a scroll of identify for 30 gold pieces
 19022 | Orc:2    | Identified the +4 halberd "Cacruz" {vorpal, +Fly rPois rC+}
                  | (You found it on level 5 of the Lair of Beasts)
 19029 | Orc:2    | Bought a scroll of identify for 30 gold pieces
 19490 | Orc:2    | Reached XP level 15. HP: 85/85 MP: 16/22
 19502 | Orc:2    | Reached skill level 13 in Fighting
 19603 | Orc:2    | Found Qegh's Antique Weapon Boutique.
 19603 | Orc:2    | Found Xaal's Book Shop.
 19603 | Orc:2    | Found a one-way gate leading to the halls of Pandemonium.
 19636 | Orc:2    | Bought a scroll of summoning for 142 gold pieces
 19636 | Orc:2    | Bought a scroll of remove curse for 45 gold pieces
 19636 | Orc:2    | Bought a scroll of teleportation for 45 gold pieces
 19636 | Orc:2    | Bought a scroll of enchant armour for 112 gold pieces
 19636 | Orc:2    | Bought a scroll of magic mapping for 52 gold pieces
 19636 | Orc:2    | Bought a scroll of blinking for 112 gold pieces
 19636 | Orc:2    | Bought 3 scrolls of blinking for 337 gold pieces
 19636 | Orc:2    | Bought a scroll of teleportation for 45 gold pieces
 19638 | Orc:2    | Bought a scroll of silence for 112 gold pieces
 19638 | Orc:2    | Bought a scroll of blinking for 112 gold pieces
 19638 | Orc:2    | Bought a potion of curing for 45 gold pieces
 19638 | Orc:2    | Bought a scroll of magic mapping for 52 gold pieces
 20454 | D:12     | Identified a scroll of acquirement
 20454 | D:12     | Identified the +3 quick blade of Upodoxiw {vorpal, rPois
                  | Int+3} (You acquired it on level 12 of the Dungeon)
 20454 | D:12     | Identified the -3 pair of gloves of Peek-a-Boo {*Drain rF+
                  | Int+6} (You acquired it on level 12 of the Dungeon)
 20540 | D:13     | Noticed Maurice
 20541 | D:13     | Noticed Maurice
 20541 | D:13     | Maurice changed into Maurice the blink frog
 20548 | D:13     | Killed Maurice the blink frog
 20780 | D:13     | Found a gate to the Vaults.
 20898 | D:13     | Reached skill level 14 in Fighting
 21038 | D:13     | Noticed Jorgrun
 21056 | D:13     | Killed Jorgrun
 21114 | D:13     | Noticed Erolcha
 21119 | D:13     | Killed Erolcha
 22068 | D:14     | Found Cedoz's Book Emporium.
 22129 | D:15     | Entered Level 15 of the Dungeon
 22129 | D:15     | Found a blossoming altar of Fedhas.
 22228 | D:15     | Reached skill level 15 in Fighting
 22464 | D:15     | Found a staircase to the Depths.
 22548 | D:15     | Reached skill level 5 in Evocations
 22548 | D:15     | Reached XP level 16. HP: 95/95 MP: 23/23
 22664 | D:15     | Noticed olaf's ghost (journeyman GnAK)
 22692 | D:15     | Found a transporter.
 22696 | D:15     | Found a transporter.
 23166 | Lair:1   | Killed WasteTime3's ghost
 23322 | Swamp:1  | Entered Level 1 of the Swamp
 23346 | Lair:4   | Reached ****** piety under Makhleb
 23794 | Swamp:1  | Reached skill level 10 in Invocations
 25075 | Swamp:2  | Found a runed translucent door.
 25075 | Swamp:2  | Noticed Ysiryi's ghost (journeyman DDFi)
 25732 | Swamp:2  | Identified the Handbook of the Snowflakes
 25866 | Swamp:3  | Noticed a tentacled monstrosity
 25886 | Swamp:3  | Killed a tentacled monstrosity
 26714 | Swamp:4  | Entered Level 4 of the Swamp
 26991 | Swamp:4  | Noticed a thorn hunter
 27015 | Swamp:4  | Killed a thorn hunter
 27015 | Swamp:4  | Reached XP level 17. HP: 93/99 MP: 27/27
 28284 | Swamp:4  | Noticed the 27-headed Lernaean hydra
 28295 | Swamp:4  | Killed the 27-headed Lernaean hydra
 28578 | Swamp:4  | Got a decaying rune of Zot
 28836 | Snake:1  | Entered Level 1 of the Snake Pit
 28902 | Snake:1  | Found Huxag's Jewellery Shoppe.
 28987 | Snake:1  | Found a runed translucent door.
 29096 | Snake:1  | Found Ukuoh's Assorted Antiques.
 29350 | Snake:1  | Found Vityabon's Jewellery Boutique.
 29382 | Snake:1  | Bought a crude chain mail for 294 gold pieces
 29382 | Snake:1  | Bought a scroll of identify for 62 gold pieces
 29382 | Snake:1  | Identified the +0 chain mail of Weirdness {+Blink +Inv
                  | rPois rCorr Slay-2} (You bought it in a shop on level 1 of
                  | the Snake Pit)
 29414 | Snake:1  | Found Sestrap's Distillery.
 29672 | Snake:1  | Found Davu's Jewellery Shoppe.
 30614 | Snake:1  | Bought the ring "Roaka" {rElec rPois MR+} for 633 gold
                  | pieces
 30897 | Snake:2  | Reached XP level 18. HP: 85/105 MP: 23/28
 31083 | Snake:3  | Reached skill level 10 in Shields
 31171 | Snake:3  | Noticed Aizul
 31196 | Snake:3  | Reached skill level 16 in Fighting
 31276 | Snake:3  | Killed Aizul
 31661 | Snake:4  | Entered Level 4 of the Snake Pit
 32255 | Snake:4  | Reached skill level 17 in Fighting
 32836 | Snake:4  | Noticed Mara
 32865 | Snake:4  | Killed Mara
 32865 | Snake:4  | Reached skill level 18 in Fighting
 32955 | Snake:4  | Noticed Donald
 32997 | Snake:4  | Killed Donald
 33269 | Snake:4  | Reached XP level 19. HP: 114/114 MP: 29/29
 33355 | Snake:4  | Got a serpentine rune of Zot
 33722 | Elf:1    | Entered Level 1 of the Elven Halls
 33761 | Elf:1    | Reached skill level 5 in Throwing
 34506 | Elf:1    | Identified the Reference Book on Supportive Arcane Weapons
 34750 | Elf:1    | Noticed Nikola
 34769 | Elf:1    | Killed Nikola
 35003 | Elf:2    | Found a radiant altar of Vehumet.
 35634 | Elf:2    | Reached skill level 10 in Throwing
 35768 | Elf:2    | Found a runed translucent gate.
 35768 | Elf:2    | Found a runed translucent gate.
 35769 | Elf:2    | Found a runed translucent gate.
 35895 | Elf:3    | Entered Level 3 of the Elven Halls
 36554 | Elf:3    | Identified the cursed ring "Moheg" {*Corrode rPois rF+
                  | Dex-2}
 36894 | Elf:3    | Reached XP level 20. HP: 119/119 MP: 30/30
 37130 | Elf:3    | Noticed a Brimstone Fiend
 37206 | Elf:3    | Noticed a Brimstone Fiend
 37344 | Elf:3    | Identified the +2 pair of gloves "Jull" {rElec rF+ rC+
                  | rCorr} (You found it on level 3 of the Elven Halls)
 37359 | Elf:3    | Identified the +0 scale mail of the Maze {Stlth+} (You
                  | found it on level 3 of the Elven Halls)
 37505 | Elf:3    | Identified the Incunabulum of Space
 37776 | Vaults:1 | Entered Level 1 of the Vaults
 38164 | Vaults:1 | Identified the +2 chain mail of the Orange Skies {rCorr
                  | Int+2 Stlth+}
 38164 | Vaults:1 | Identified the cursed -4 tower shield "Mousow" {-Cast +Inv
                  | Str-5 Dex+6}
 38164 | Vaults:1 | Noticed Ciovvoaj's ghost (veteran GnWz)
 38165 | Vaults:1 | Found a runed translucent gate.
 38165 | Vaults:1 | Found a runed translucent gate.
 38165 | Vaults:1 | Found a runed translucent gate.
 38166 | Vaults:1 | Identified the +2 plate armour of the Lair of Beasts {+Inv
                  | rF+++ Int-3 Dex-4}
 38166 | Vaults:1 | Identified the cursed +0 kite shield "Guekh" {rN+ Str+2}
 38612 | Vaults:1 | Reached skill level 15 in Invocations
 39207 | Vaults:1 | Reached XP level 21. HP: 77/123 MP: 29/33
 39646 | Vaults:1 | Identified the +8 scimitar "Yduni" {vorpal, rPois MP+9}
 39650 | Vaults:1 | Found a roughly hewn altar of Beogh.
 39918 | D:15     | Killed olaf's ghost
 40475 | Vaults:2 | Found a staircase to the Crypt.
 41134 | Vaults:2 | Identified Buwif's Guide on Heat
 43133 | Vaults:4 | Found a ruined gateway.
 43137 | Desolati | Entered the Desolation of Salt
 43435 | Desolati | Identified Hoguid's Reference Book on Supportive Boosts
 43439 | Desolati | Identified the Guide on Unstable Air
 43512 | Desolati | Reached skill level 15 in Shields
 43635 | Desolati | Identified the Handbook of Combat Magic and Contamination
 43638 | Desolati | Got a vibrating steel ring
 43639 | Desolati | Identified the ring of Tayst {rElec rPois Str-4 SInv} (You
                  | found it in the Desolation of Salt)
 43738 | Desolati | Reached XP level 22. HP: 128/128 MP: 34/34
 44082 | Desolati | Identified the ring of the Commoners {rF+ rN+ Str+2 Int-2}
                  | (You found it in the Desolation of Salt)
 44087 | Desolati | Identified Sif Muna's Tome of Helpful Earth
 44103 | Desolati | Identified the Handbook of Glacial Clay
 44712 | Vaults:4 | Reached skill level 19 in Fighting
 45871 | Vaults:4 | Identified the +5 scale mail "Ysotumycso" {rElec Regen+
                  | Str+2} (You found it on level 4 of the Vaults)
 46668 | Lair:4   | Killed emiel's ghost
 46832 | Swamp:2  | Killed Ysiryi's ghost
 47169 | Depths:1 | Entered Level 1 of the Depths
 47198 | Depths:1 | Reached skill level 20 in Fighting
 47374 | Depths:1 | Identified the +10 broad axe "Sarcophage" {flame, *Slow rN+
                  | Int+9} (You found it on level 1 of the Depths)
 47767 | Depths:1 | Found a gateway to Hell.
 48268 | Depths:2 | Found Ming's Weapon Shoppe.
 48371 | Depths:2 | Reached XP level 23. HP: 137/137 MP: 35/35
 48641 | Depths:2 | Noticed a juggernaut
 48641 | Depths:2 | Noticed a juggernaut
 49424 | Depths:2 | Killed a juggernaut
 49496 | Depths:2 | Killed a juggernaut
 49529 | Depths:2 | Identified the cursed +1 halberd of Fragile Peace {flame,
                  | rC++}
 49555 | Depths:2 | Got a faintly glowing lead ring
 49556 | Depths:2 | Identified the ring "Vurr" {rPois EV+6 Str+5 Int-2 Dex+2}
                  | (You found it on level 2 of the Depths)
 49798 | Depths:3 | Reached skill level 10 in Armour
 49798 | Depths:3 | Reached skill level 10 in Dodging
 49834 | Depths:3 | You fall into a shaft and drop 1 floor!
 50153 | Depths:3 | Noticed a caustic shrike
 50153 | Depths:3 | Noticed a caustic shrike
 50153 | Depths:3 | Noticed a caustic shrike
 50153 | Depths:3 | Noticed a golden dragon
 50173 | Depths:3 | Killed a caustic shrike
 50178 | Depths:3 | Killed a caustic shrike
 50191 | Depths:3 | Killed a caustic shrike
 50197 | Depths:3 | Noticed a caustic shrike
 50218 | Depths:3 | Killed a golden dragon
 50233 | Depths:3 | Killed a caustic shrike
 50251 | Depths:3 | Paralysed by a floating eye for 3 turns
 50270 | Depths:3 | Reached XP level 24. HP: 130/142 MP: 35/35
 50315 | Depths:3 | Reached skill level 15 in Throwing
 51707 | Depths:4 | Identified the ring of the Marlin {rPois rF+ AC+4 Dex+4}
                  | (You found it on level 4 of the Depths)
 51720 | Depths:4 | Found a one-way gate to the infinite horrors of the Abyss.
 51952 | Depths:4 | Found a gateway to a ziggurat.
 52020 | Depths:4 | Identified the +10 dagger "Spiderslayer" {vorpal, rF+ Int-4
                  | Dex+4} (You found it on level 4 of the Depths)
 52467 | Depths:5 | Entered Level 5 of the Depths
 52756 | Depths:5 | Noticed a juggernaut
 52774 | Depths:5 | Killed a juggernaut
 52885 | Depths:5 | Reached XP level 25. HP: 147/147 MP: 35/35
 52923 | Depths:5 | Found a gate to the Realm of Zot.
 53822 | Snake:1  | Bought a potion of invisibility for 152 gold pieces
 53822 | Snake:1  | Bought 2 potions of might for 152 gold pieces
 53822 | Snake:1  | Bought a potion of might for 76 gold pieces
 53822 | Snake:1  | Bought a potion of curing for 57 gold pieces
 53822 | Snake:1  | Bought a potion of mutation for 152 gold pieces
 54135 | Vaults:1 | Killed Ciovvoaj's ghost
 54256 | Vaults:1 | Identified the -4 helmet of Impressiveness {Dex+3} (You
                  | found it on level 1 of the Vaults)
 54391 | Vaults:5 | Entered Level 5 of the Vaults
 54407 | Vaults:5 | Reached skill level 10 in Evocations
 54534 | Vaults:5 | Noticed Bai Suzhen
 54578 | Vaults:5 | Killed Bai Suzhen
 54578 | Vaults:5 | Identified the +4 long sword of Huiqieg {vorpal, rF+ MP+9
                  | Str+2 Stlth+}
 54581 | Vaults:5 | Noticed Boris
 54624 | Vaults:5 | Killed Boris
 54663 | Vaults:5 | Reached XP level 26. HP: 154/154 MP: 36/36
 55075 | Vaults:5 | Reached skill level 21 in Fighting
 55605 | Vaults:5 | Got a wavering brass ring
 55606 | Vaults:5 | Identified the ring "Nutow" {Wiz +Inv rF+} (You found it on
                  | level 5 of the Vaults)
 55717 | Vaults:5 | Got a silver rune of Zot
 56390 | Zot:1    | Entered Level 1 of the Realm of Zot
 56536 | Zot:1    | Identified the +4 dragonskin cloak
 56536 | Zot:1    | Noticed Tiamat
 56553 | Zot:1    | Cast into level 3 of the Abyss (black draconian scorcher)
 56656 | Abyss:3  | Gained mutation: You passively map a small area around you.
                  | [a cacodemon]
 56657 | Abyss:3  | Gained mutation: Scrolls take you a little longer to read.
                  | [a cacodemon]
 56661 | Abyss:3  | Gained mutation: You are partially covered in molten
                  | scales. (AC +2) [a cacodemon]
 56671 | Abyss:3  | Found a corrupted altar of Lugonu.
 56696 | Abyss:3  | Lost mutation: You are partially covered in molten scales.
                  | (AC +2) [potion of mutation]
 56696 | Abyss:3  | Lost mutation: Scrolls take you a little longer to read.
                  | [potion of mutation]
 56696 | Abyss:3  | Gained mutation: You are somewhat resistant to further
                  | mutation. [potion of mutation]
 56854 | Abyss:3  | Found a corrupted altar of Lugonu.
 56939 | Zot:1    | Escaped the Abyss
 56957 | Zot:1    | Mangled by Tiamat

Levels and vault maps discovered:
D:1:      eino_arrival_tree_alley, layout_basic
D:2:      layout_rooms, dk_vineyard_1, uniq_jessica, uniq_sigmund, uniq_natasha
D:3:      layout_basic, trog_book
D:4:      layout_loops_corners, grunt_temple_overflow_bloody_war
D:5:      layout_rooms, chequers_temple_overflow_minitemple, first_ration,
          uniq_prince_ribbit1, uniq_grinder
D:6:      layout_layer_cave, minmay_temple_entry_mini_moons, grunt_decor_cap,
          yredelemnul_altar_generic, uniq_eustachio
D:7:      layout_loops_corners, grunt_temple_overflow_champion_of_chaos,
          uniq_pikel
D:8:      layout_loops_ring, lair_entry_dummy
D:9:      layout_basic, marbit_many_paths, nicolae_tso_besieged_by_evil,
          gammafunk_temple_overflow_forgotten, gammafunk_ghost_grave
D:10:     layout_long_grid, hangedman_stone_soup, nicolae_lava_and_water
D:11:     layout_loops_ring, erik_orc_2, serial_shops, shop
D:12:     layout_roguey, kennysheep_boxes
D:13:     layout_irregular_city, erik_vaults_2, uniq_jorgrun, uniq_maurice,
          uniq_erolcha
D:14:     layout_basic, serial_shops, kennysheep_mini, hangedman_decor_lopped,
          corexii_corridor_pit
D:15:     hangedman_depths_entry_civil_slaughter, layout_rooms,
          gammafunk_ghost_hive, fedhas_altar_3
Temple:   compressed_dpeg_triangle_lava_temple
Lair:1:   layout_hall_layers, gammafunk_ghost_berserking_beasts,
          infiniplex_staircase_pool, lemuel_fruit_fields, uniq_gastronok
Lair:2:   layout_regular_city, minmay_snake_entry_guardpost_medium,
          serial_bayou_shore_b, grunt_megastairs_2, uniq_urug
Lair:3:   layout_small_grid, grunt_megastairs_5
Lair:4:   layout_loops_ring, minmay_swamp_entry_worms, gammafunk_ghost_split,
          grunt_megastairs_3
Lair:5:   layout_regular_city, slime_altar_1, st_stairs_10, bh_chokoban,
          infiniplex_staircase_pool_2
Lair:6:   evilmike_catoblepas_cave, layout_hall_layers
Swamp:1:  layout_falls_marsh, evilmike_swamp_ruin_house_2
Swamp:2:  layout_basic_swamp, ebering_ghost_reflecting_pool,
          hangedman_swamp_ruin_wall, swamp_pool3, cheibrodos_swamp_pet_leeches
Swamp:3:  layout_basic_swamp, serial_swamp_ruin, evilmike_swamp_ruin_rubble_1,
          evilmike_swamp_ruin_wall, evilmike_swamp_ruin_house_4,
          hangedman_swamp_cone, swamp_pool2
Swamp:4:  swamp_old_school, layout_basic_swamp, swamp_pool1
Snake:1:  cheibrodos_toxic_ritual, layout_layer_cave, serial_shops, shop,
          nicolae_shop_behind_doors, nicolae_shop_behind_doors,
          nicolae_shop_waterfront, shop
Snake:2:  layout_grid_shapes
Snake:3:  layout_onion, special_room, uniq_aizul
Snake:4:  snake_pit, layout_basic, uniq_donald, uniq_mara
Orc:1:    layout_caves
Orc:2:    pf_orc_diabolical, layout_diamond_mine
Elf:1:    eino_elf_arrival_customs, layout_loops_corners, minmay_elf_sorcery,
          st_stairs_5, uniq_nikola
Elf:2:    layout_loops_cross, basic_altar
Elf:3:    elf_hall, layout_gridlike, ebering_dispersal_statue_hall,
          minivault_16, corexii_hall_statues_deadend
Vaults:1: biasface_vaults_ghost_orc_armoury, ontoclasm_vaults_eye,
          vaults_standard_mumra_lines, nicolae_vaults_big_angled_halls,
          nicolae_vaults_border_crossing, nicolae_vaults_network_periphery,
          vaults_mumra_minichess_inversion, vaults_room_glass_cross,
          vaults_standard_mumra_x, ontoclasm_vaults_misaligned,
          nicolae_vaults_diagonal_hallway_7, ontoclasm_vaults_decontamination,
          vaults_dpeg_encased_lava, vaults_dpeg_ring, layout_vaults_chaotic_city
Vaults:2: vaults_mumra_lcd, v_misc_9, v_misc_10,
          nicolae_vaults_little_squares_1, minmay_crypt_entry_simple_plaza,
          hangedman_vaults_maws, nicolae_vaults_hallways_thing,
          nicolae_vaults_shelves_hall, ontoclasm_vaults_ring_small,
          hangedman_vaults_corner_blocks, vaults_room_pool, st_diamondy,
          ontoclasm_vaults_claustrophobia, layout_vaults_ring
Vaults:3: ontoclasm_vaults_fault, nicolae_vaults_circle_grid_a,
          vaults_dpeg_cross, vaults_room_semicircle, v_misc_32,
          nicolae_vaults_alarming, nicolae_vaults_yaktaur_gun_rack,
          layout_vaults_omnigrid
Vaults:4: vaults_room_pool, hangedman_vaults_river_flow, vaults_room_semicircle,
          ontoclasm_vaults_loading_screen, v_alt_pattern_3, st_smaller_cells,
          vaults_dpeg_spiral, vaults_dpeg_hooks, dpeg_vaults_monster_row,
          vaults_room_door_ring, nicolae_vaults_diagonal_hallway_6,
          ontoclasm_vaults_twist, vaults_room_door_ring,
          ontoclasm_vaults_hangar, vaults_dpeg_diagonal, ontoclasm_vaults_tryst,
          v_pattern_5, layout_vaults_omnibox,
          portal_desolation_entry_nicolae_nacl
Vaults:5: uniq_bai_suzhen, uniq_boris
Depths:1: layout_honeycomb, hell_entry, chequers_serial_rivers_marsh,
          minmay_holes, lemuel_old_faithful, grunt_megastairs_1,
          serial_bayou_shore_a
Depths:2: minmay_the_grid_triangle_9x9_rhombus_full
          [minmay_the_grid_triangle_9x9_pentomino_pain,
          minmay_the_grid_triangle_9x9_empty,
          minmay_the_grid_triangle_9x9_alien,
          minmay_the_grid_triangle_9x9_windchime,
          minmay_the_grid_triangle_9x9_checkered,
          minmay_the_grid_triangle_9x9_longest,
          minmay_the_grid_triangle_9x9_descending_squares,
          minmay_the_grid_triangle_9x9_prize_center], layout_gridlike,
          grunt_mini_vestibule, serial_shops, nicolae_shop_crystal,
          minmay_misc_feat_four_crosses, serial_bayou_pond_e,
          minmay_misc_feat_tower, infiniplex_staircase_squiggle
Depths:3: grunt_deathspiral_large, layout_cave_shapes, grunt_pan_entry_sceptre,
          hell_entry, minmay_misc_feat_tiny
Depths:4: radiant_caverns_b_rkd, hell_entry, serial_shops, abyss_entry
Depths:5: grunt_zot_entry_funnels, layout_gridville, pf_dread_powers_of_hell,
          hangedman_abyss_entry_splay, minmay_crystal_room
Zot:1:    layout_misc_corridors, uniq_tiamat

Skill      XL: |  1  2  3  4  5  6  7  8  9 10 11 12 13 14 15 16 17 18 19 20 21 22 23 24 25 26 |
---------------+-------------------------------------------------------------------------------+-----
Fighting       | 2 3 4 6 8 12 15 18 20 21 | 21.2
Short Blades   | 2 3 4 5 7 8 11 13 14 | 14.0
Shields        | 2 4 6 8 9 10 11 15 | 15.0
Invocations    | 6 8 12 15 16 17 | 17.2
Evocations     | 4 5 8 9 10 11 | 11.8
Dodging        | 2 4 6 8 10 11 12 | 12.5
Armour         | 2 4 6 7 8 10 11 12 | 12.5
Throwing       | 3 11 12 14 16 | 16.0
Stealth        | |  4.8

Action                   |  1- 3 |  4- 6 |  7- 9 | 10-12 | 13-15 | 16-18 | 19-21 | 22-24 | 25-27 || total
-------------------------+-------+-------+-------+-------+-------+-------+-------+-------+-------++-------
Melee: Dagger            |    93 |     4 |       |       |       |       |       |       |       ||    97
       Bite              |    29 |    49 |   113 |   352 |   874 |  1468 |  1250 |  1232 |   591 ||  5958
       Rapier            |       |   189 |   334 |   881 |  1357 |       |  2129 |  2200 |   958 ||  8048
       Quick blade       |       |       |       |       |   552 |  3060 |   579 |       |       ||  4191
Throw: Dart              |     2 |     2 |     1 |       |       |       |       |       |       ||     5
       Boomerang         |       |       |     2 |    53 |     7 |    13 |    29 |     6 |       ||   110
       Javelin           |       |       |       |       |       |       |       |    12 |     8 ||    20
Invok: Lesser Servant of |       |       |       |     4 |    28 |    19 |    10 |       |       ||    61
       Minor Destruction |       |       |       |       |     1 |       |       |       |       ||     1
       Major Destruction |       |       |       |       |     7 |     4 |       |       |       ||    11
       Greater Servant o |       |       |       |       |       |     3 |       |       |     3 ||     6
 Abil: Evoke Flight      |       |       |       |       |       |       |       |     5 |       ||     5
Evoke: Wand              |       |       |       |    14 |     1 |     5 |     2 |     2 |       ||    24
       Lightning rod     |       |       |       |       |       |     4 |       |       |       ||     4
       Phial of floods   |       |       |       |       |       |     1 |       |     2 |     2 ||     5
  Use: Scroll            |     1 |     2 |     8 |     9 |    19 |     7 |    10 |    14 |    13 ||    83
       Potion            |       |       |       |       |       |       |       |       |     1 ||     1
 Stab: Distracted        |     2 |       |       |     1 |    10 |     2 |     8 |       |       ||    23
       Sleeping          |     2 |     1 |       |       |       |       |       |       |       ||     3
       Confused          |       |       |       |       |       |     1 |       |       |       ||     1
       Paralysed         |       |       |       |       |       |       |     1 |       |       ||     1
  Eat: Chunk             |     1 |     6 |    12 |    22 |    30 |    26 |    36 |    22 |    10 ||   165
       Ration            |       |       |       |       |       |     3 |       |     3 |     1 ||     7
Armor: Robe              |    18 |       |       |       |       |       |       |       |       ||    18
       Ring mail         |    14 |     2 |       |       |       |       |       |       |       ||    16
       Scale mail        |       |    81 |    26 |       |       |       |       |       |       ||   107
       Chain mail        |       |       |    66 |   131 |       |       |       |       |       ||   197
       Plate armour      |       |       |       |   137 |   422 |   707 |   678 |   446 |   183 ||  2573
       Gold dragon scale |       |       |       |       |       |       |       |       |    95 ||    95
Dodge: Dodged            |    44 |    95 |    58 |    81 |   144 |   345 |   328 |   416 |   389 ||  1900
Block: Kite shield       |       |       |   117 |   285 |   800 |  1270 |   792 |  1202 |   753 ||  5219
       Reflection        |       |       |       |     2 |    25 |   104 |   114 |    55 |    52 ||   352
       Tower shield      |       |       |       |       |       |       |   760 |       |       ||   760

Table legend:
 A = Non-vault XP
 B = Vault XP
 C = Vault XP percentage of total XP
 D = Non-vault monster count
 E = Vault monster count
 F = Vault count percentage of total count
                 A         B        C        D         E       F
            +---------+---------+-------+---------+---------+-------
      Total |  557702 |  672158 |  54.7 |    1239 |     864 |  41.1
            +---------+---------+-------+---------+---------+-------
        D:1 |      37 |       0 |   0.0 |      20 |       0 |   0.0
        D:2 |      95 |     300 |  75.9 |      14 |       3 |  17.6
        D:3 |      48 |       0 |   0.0 |      21 |       0 |   0.0
        D:4 |     687 |      14 |   2.0 |      21 |       1 |   4.5
        D:5 |     577 |     572 |  49.8 |      17 |       2 |  10.5
        D:6 |     746 |     185 |  19.9 |      22 |       1 |   4.3
        D:7 |    1368 |     701 |  33.9 |      34 |       2 |   5.6
        D:8 |    1158 |       0 |   0.0 |      25 |       0 |   0.0
        D:9 |    2175 |     977 |  31.0 |      15 |      13 |  46.4
       D:10 |    1931 |     901 |  31.8 |      16 |       3 |  15.8
       D:11 |    3895 |     664 |  14.6 |      28 |      21 |  42.9
       D:12 |    6042 |       0 |   0.0 |      36 |       0 |   0.0
       D:13 |    3880 |   11535 |  74.8 |      20 |      11 |  35.5
       D:14 |    4053 |       0 |   0.0 |      10 |       0 |   0.0
       D:15 |   13026 |    9120 |  41.2 |      41 |      21 |  33.9
     Lair:1 |    1385 |    4802 |  77.6 |       8 |       8 |  50.0
     Lair:2 |    3128 |    2367 |  43.1 |      14 |       9 |  39.1
     Lair:3 |    6788 |     562 |   7.6 |      24 |       2 |   7.7
     Lair:4 |    6400 |    5344 |  45.5 |      22 |      14 |  38.9
     Lair:5 |    7813 |    1176 |  13.1 |      21 |       2 |   8.7
     Lair:6 |   11992 |   10252 |  46.1 |      39 |      23 |  37.1
    Swamp:1 |   13531 |       0 |   0.0 |      31 |       0 |   0.0
    Swamp:2 |   13683 |    2377 |  14.8 |      30 |       4 |  11.8
    Swamp:3 |    9697 |       0 |   0.0 |      21 |       0 |   0.0
    Swamp:4 |   15956 |   19721 |  55.3 |      39 |      26 |  40.0
    Snake:1 |    6200 |    5543 |  47.2 |      12 |      12 |  50.0
    Snake:2 |   12728 |       0 |   0.0 |      21 |       0 |   0.0
    Snake:3 |   26388 |    1632 |   5.8 |      51 |       1 |   1.9
    Snake:4 |   19238 |   39340 |  67.2 |      36 |      47 |  56.6
      Orc:1 |    1071 |       0 |   0.0 |      23 |       0 |   0.0
      Orc:2 |    3993 |   15075 |  79.1 |      47 |      66 |  58.4
      Elf:1 |   11275 |   15723 |  58.2 |      20 |      21 |  51.2
      Elf:2 |   22674 |    1772 |   7.2 |      34 |       2 |   5.6
      Elf:3 |   18543 |   43981 |  70.3 |      28 |      31 |  52.5
   Vaults:1 |   30661 |   51589 |  62.7 |      49 |      65 |  57.0
   Vaults:2 |    8809 |   15036 |  63.1 |      15 |      22 |  59.5
   Vaults:3 |   32396 |    8829 |  21.4 |      56 |      11 |  16.4
   Vaults:4 |   16170 |   36181 |  69.1 |      28 |      39 |  58.2
   Vaults:5 |   30673 |  134951 |  81.5 |      43 |      97 |  69.3
   Depths:1 |   22412 |    2247 |   9.1 |      28 |       5 |  15.2
   Depths:2 |   24447 |   41624 |  63.0 |      22 |      25 |  53.2
   Depths:3 |   41913 |   54877 |  56.7 |      53 |      44 |  45.4
   Depths:4 |       0 |   60469 | 100.0 |       0 |      97 | 100.0
   Depths:5 |   61142 |   21425 |  25.9 |      44 |      18 |  29.0
      Zot:1 |   18005 |       0 |   0.0 |      10 |       0 |   0.0
    Abyss:3 |   18873 |    3022 |  13.8 |      30 |       4 |  11.8
 Desolation |       0 |   47272 | 100.0 |       0 |      91 | 100.0
            +---------+---------+-------+---------+---------+-------
